Map: Void Thrashing

Players

wasp

  • Race: Protoss Protoss

larsgj

  • Race: Terran Terran

VOD

Have the link to the VOD?

Description

Time

  • Played on: Jan. 6, 2019, 6:35 a.m.
  • Length: 23:22
Show
View Real Time Build Order
Export as new Build Order

wasp Protoss 

Build Orders:  

Get SALT Encoding   

  1  0:00  Probe x12 (Chrono Boost)  
    0:10  Unknown x2  
  12  0:26  Pylon  
  12  1:34  Pylon  
  12  1:43  Gateway  
  12  2:23  Forge  
  12  2:31  Assimilator  
  12  2:44  Assimilator  
  12  2:50  Gateway  
  12  2:52  Zealot  
  14  3:07  Cybernetics Core  
  14  4:11  Zealot  
  14  4:12  Zealot x2  
  20  4:33  Probe (Chrono Boost)  
  21  4:46  Probe (Chrono Boost)  
  22  4:50  Dragoon  
  22  4:51  Dragoon  
  26  5:00  Probe (Chrono Boost)  
  27  5:14  Probe (Chrono Boost)  
  28  5:28  Probe (Chrono Boost)  
  29  6:07  Dragoon x2  
  29  6:08  Dragoon x2  
  37  6:35  Robotics Facility  
  37  6:55  Stargate  
  37  8:03  Immortal  
  41  8:12  Immortal  
  45  8:44  Robotics Bay  
  45  9:27  Immortal  
  49  9:53  Immortal  
  43  11:41  Robotics Facility  
  43  12:20  Reaver  
  43  12:21  Reaver  
  55  12:44  Reaver  
  61  13:01  Scarab Housing  
  61  13:44  Immortal  
  34  15:43  Dragoon  
  34  15:44  Dragoon x2  
  34  15:45  Dragoon x2  
  38  17:49  Dragoon x2  
  42  17:50  Dragoon  
  42  17:51  Dragoon x3  
  50  18:13  Observer  
  51  18:50  Observer  
  51  18:51  Observer  
  53  19:22  Phoenix  
  53  19:24  Phoenix x2  
  16  21:24  Immortal  
  16  21:25  Immortal x2  
  28  21:38  Dragoon  
  30  21:50  Zealot  
Show
View Real Time Build Order
Export as new Build Order

larsgj Terran 

Build Orders:  

Get SALT Encoding   

  1  0:00  Orbital Command, SCV x12  
    0:10  Unknown  
    0:14  SCV  
  13  0:34  Supply Depot  
  13  0:50  Barracks  
  13  0:54  SCV  
  14  1:11  SCV  
  15  1:28  SCV  
  16  1:30  Refinery  
  16  1:34  Marine, Refinery  
  17  1:45  SCV  
  18  1:50  Marine  
  19  2:09  SCV  
  20  2:26  SCV  
  20  2:27  Marine  
  21  2:31  Supply Depot  
  21  2:37  Marine  
  22  2:47  Marine  
  23  2:57  Marine, Factory  
  25  3:17  SCV  
  26  3:34  SCV  
  27  3:51  SCV  
  28  4:14  Starport  
  28  4:23  Armory  
  28  4:29  Supply Depot  
  28  4:31  Supply Depot  
  28  4:34  Supply Depot  
  28  4:39  Supply Depot  
  28  4:43  SCV  
  29  5:42  Starport Tech Lab  
  29  5:50  Terran Vehicle and Ship Weapons Level 1  
  29  6:28  Fusion Core  
  29  6:36  SCV  
  30  6:47  Command Center  
  30  6:53  SCV  
  31  7:10  SCV  
  32  7:27  SCV  
  33  7:42  Battlecruiser  
  33  7:44  SCV  
  40  8:01  SCV  
  41  8:18  SCV  
  42  8:25  Battlecruiser  
  48  8:30  Terran Vehicle And Ship Armor Level 1  
  48  8:34  SCV  
  49  8:51  SCV  
  50  9:05  Barracks Tech Lab  
  50  9:31  Battlecruiser  
  56  9:54  Orbital Command  
  56  9:58  Orbital Command  
  68  11:10  Advanced Optics  
  56  11:19  SCV  
  57  11:27  Battlecruiser  
  63  11:35  SCV  
  64  11:52  SCV  
  65  12:09  SCV  
  66  12:10  Battlecruiser  
  66  12:17  Medic  
  74  12:26  SCV  
  74  12:27  Medic  
  75  12:33  Refinery  
  77  13:00  Medic, Supply Depot x2  
  77  13:02  Supply Depot  
  77  13:06  Supply Depot  
  77  13:08  Supply Depot  
  77  13:09  Afterburners  
  79  13:10  Medic, Supply Depot  
  81  13:20  Medic  
  81  13:25  Refinery  
  83  13:30  Medic  
  83  13:34  SCV  
  86  13:51  SCV  
  87  14:08  SCV  
  88  14:25  SCV  
  89  14:42  SCV  
  90  14:59  SCV  
  72  16:49  Barracks  
  72  16:54  Starport  
  72  16:55  Starport Tech Lab  
  72  16:58  Weapon Refit  
  72  17:01  Terran Vehicle and Ship Weapons Level 2  
  72  18:00  Battlecruiser, Starport Tech Lab  
  78  18:16  Supply Depot  
  78  18:19  Supply Depot x2  
  78  18:20  Supply Depot  
  78  18:22  Supply Depot  
  78  18:23  Supply Depot  
  78  18:24  Supply Depot  
  78  18:25  Supply Depot  
  78  18:32  Bunker  
  78  18:42  Battlecruiser  
  78  18:49  Barracks Tech Lab  
  84  19:05  Bunker  
  84  19:25  Battlecruiser  
  78  19:40  Bunker  
  59  19:56  Battlecruiser  
  65  20:08  SCV, Battlecruiser  
  66  20:10  Terran Vehicle And Ship Armor Level 2  
  66  20:14  Bunker  
  72  20:25  SCV  
  73  20:33  Bunker  
  73  20:39  Battlecruiser  
  73  20:41  SCV  
  73  20:42  Bunker  
  73  20:47  Bunker  
  80  20:50  Battlecruiser  
  80  20:58  SCV  
  80  20:59  Bunker  
  87  21:06  Bunker  
  87  21:15  SCV  
  87  21:16  Bunker  
  88  21:22  Battlecruiser  
  94  21:33  Battlecruiser  
  100  21:51  Medic  
  102  22:01  Medic  
  102  22:04  Battlecruiser  
  102  22:09  Bunker  
  110  22:11  Medic  
  112  22:21  Medic  
  114  22:32  Medic  
  116  22:42  Bunker  
Tags
 
Commander
ArtanisRaynor
Matchup
Co-op
Replay Pack
Multiplayer
Add a new tag
Caveats
  • Supply blocks, unpowered buildings, or Contaminate may cause inaccurate times.
  • Supply counts are checked every 10 seconds.